 Dungeon Crawl Stone Soup version 0.17-a0-1262-gd250d98 (webtiles) character file.

105 Fluffy the Stinger (level 4, -1/27 HPs)
             Began as an Octopode Venom Mage on June 6, 2015.
             Was an Initiate of Ashenzari.
             Slain by an orc wizard
             ... wielding a +0 dagger
              (4 damage)
             ... on level 3 of the Dungeon.
             The game lasted 00:10:38 (2977 turns).

Fluffy the Stinger (Octopode Venom Mage)            Turns: 2977, Time: 00:10:39

Health: -1/27      AC:  1    Str:  7    XL:     4   Next: 81%
Magic:  0/8        EV: 12    Int: 18    God:    Ashenzari [......]
Gold:   78         SH:  0    Dex: 12    Spells: 2 memorised, 4 levels left

rFire  . . .     SeeInvis .     e - +0 spear (pierce)
rCold  . . .     Clarity  .     (no shield)
rNeg   . . .     SustAt   .     (helmet restricted)
rPois  .         Gourm    .     (no amulet)
rElec  .         Spirit   .     k - ring of stealth
rCorr  .         Warding  .     (no ring)
rMut   .         Stasis   .     (no ring)
MR     .....                    (no ring)
Stlth  ++++......               (no ring)
                                (no ring)
                                (no ring)
                                (no ring)

@: very slightly contaminated, not resistant to hostile enchantments, stealthy
A: almost no armour, amphibious, 8 rings, constrict 8, camouflage 1, gelatinous
body 1
a: Renounce Religion


You were on level 3 of the Dungeon.
You worshipped Ashenzari.
Ashenzari was noncommittal.
You were not hungry.

You visited 1 branch of the dungeon, and saw 3 of its levels.

You collected 78 gold pieces.

Inventory:

Hand weapons
 e - a +0 spear of piercing (weapon)
Jewellery
 k - a ring of stealth (left tentacle)
Scrolls
 g - a scroll of identify {unknown}
 h - a scroll of fog {unknown}
 i - 2 scrolls of teleportation {unknown}
 j - 2 scrolls of magic mapping {unknown}
 n - 2 scrolls of enchant armour {unknown}
 r - a scroll of amnesia {unknown}
 s - a scroll of fear {unknown}
Potions
 c - 3 potions of cancellation {unknown}
 f - 3 potions of curing {unknown}
 m - a potion of haste {unknown}
 q - a potion of poison {unknown}
Books
 a - a Young Poisoner's Handbook

   Spells                             Type                      Level
   a - Sting                          Conjuration/Poison           1
   b - Cure Poison                    Poison                       2
   c - Mephitic Cloud                 Conjuration/Poison/Air       3
   d - Olgreb's Toxic Radiance        Poison                       4
   e - Venom Bolt                     Conjuration/Poison           5
 p - a book of Frost

   Spells                             Type                      Level
   a - Freeze                         Ice                          1
   b - Throw Frost                    Conjuration/Ice              2
   c - Ozocubu's Armour               Charms/Ice                   3
   d - Throw Icicle                   Conjuration/Ice              4
   e - Summon Ice Beast               Ice/Summoning                4
   f - Condensation Shield            Ice                          4
Comestibles
 b - 2 bread rations
 d - 2 beef jerkies
 l - 2 fruits
 o - a meat ration


   Skills:
 - Level 2.0 Dodging
 - Level 2.6 Stealth
 - Level 2.7 Spellcasting
 + Level 1.8 Conjurations
 + Level 1.8 Air Magic
 - Level 5.6 Poison Magic


You had 4 spell levels left.
You knew the following spells:

 Your Spells              Type           Power        Failure   Level  Hunger
a - Sting                 Conj/Pois      ###.         4%          1    None
b - Mephitic Cloud        Conj/Pois/Air  ##......     17%         3    ###....


Dungeon Overview and Level Annotations

Branches:
Dungeon (3/15)

Altars:
Ashenzari
Dithmenos
Qazlal


Innate Abilities, Weirdness & Mutations

You cannot wear most types of armour.
You are amphibious.
You can wear up to eight rings at the same time.
You can use your tentacles to constrict eight enemies at once.
Your skin changes colour to match your surroundings (Stealth).
Your rubbery body absorbs attacks (AC +1).


Message History

The orc wizard hits you with a dagger.
You hit the orc wizard. Your grab misses the orc wizard.
The orc wizard is heavily wounded.
The orc wizard hits you with a dagger.
* * * LOW HITPOINT WARNING * * *
You are too injured to fight recklessly!
You closely miss the orc wizard. Your grab misses the orc wizard.
The orc wizard is heavily wounded.
The orc wizard hits you but does no damage.
The orc wizard hits you with a dagger.
* * * LOW HITPOINT WARNING * * *
Casting: Sting
Confirm with . or Enter, or press ? or * to list all spells.
Aiming: Sting
Press: ? - help, Shift-Dir - straight line, f/p - orc wizard
Aim: an orc wizard, wielding a dagger and wearing a robe (heavily wounded, fast)
The sting hits the orc wizard.
The orc wizard is severely wounded.
The orc wizard hits you with a dagger.
You die...

..#.....P.♣♣.P......
..#.###.♣P♣....P... #.
...♣.......♣ ♣.....o♣.
♣...♣PP♣♣ ♣....♣♣P♣♣
♣....P♣..♣ .♣
♣...♣o[♣.♣♣P♣
♣.♣..@♣♣♣♣.♣ ..
♣..♣♣♣♣♣♣.♣♣ ♣.P.
♣.♣.♣.♣♣.♣P♣♣♣♣....≈.♣
♣♣♣...PP♣P♣.♣...≈.≈.≈≈
♣♣♣♣...♣...♣....♣♣≈≈♣≈
♣...♣...)....♣≈♣≈≈≈≈.≈
♣P.♣.P♣.♣......≈♣≈≈≈≈≈
♣PP.♣♣♣♣P.♣..♣...≈P♣≈≈
♣♣♣♣..♣♣♣.♣...♣.≈.≈≈♣≈


You could see an orc wizard.

Vanquished Creatures
  An orc wizard (D:3)
  An adder (D:3)
  2 worms (D:2)
  6 orcs
  6 bats
  9 hobgoblins
  8 jackals
  8 kobolds
  A ball python (D:3)
  3 giant cockroaches
  3 giant geckos
  2 giant newts
  3 goblins
  A quokka (D:3)
  4 rats
58 creatures vanquished.

Notes
Turn   | Place    | Note
--------------------------------------------------------------
     0 | D:1      | Fluffy the Octopode Venom Mage began the quest for the Orb.
     0 | D:1      | Reached XP level 1. HP: 11/11 MP: 3/3
   141 | D:1      | Reached skill level 5 in Poison Magic
   359 | D:1      | Reached XP level 2. HP: 17/17 MP: 0/5
  1276 | D:2      | Reached XP level 3. HP: 21/21 MP: 0/6
  1528 | D:2      | Found a shadowy altar of Dithmenos.
  1542 | D:2      | Found a shattered altar of Ashenzari.
  1545 | D:2      | Found a stormy altar of Qazlal.
  1565 | D:2      | Became a worshipper of Ashenzari the Shackled
  1574 | D:2      | Learned a level 3 spell: Mephitic Cloud
  2003 | D:2      | Reached skill level 1 in Air Magic
  2250 | D:3      | Reached XP level 4. HP: 27/27 MP: 8/8
  2458 | D:3      | Reached skill level 1 in Conjurations
  2590 | D:3      | HP: 1/27 [orc/flail (9)]
  2977 | D:3      | Slain by an orc wizard

Vault maps used:
D:1:      tarquinn_simple_flora_water_a
D:2:      minitemple
D:3:      wad_woods_pond, first_bread

Action                   |  1- 3 |  4- 6 || total
-------------------------+-------+-------++-------
Melee: Spear             |    90 |    34 ||   124
 Cast: Sting             |    30 |    11 ||    41
       Mephitic Cloud    |     1 |     1 ||     2
 Stab: Sleeping          |     7 |     1 ||     8
       Confused          |       |     1 ||     1
  Eat: Chunk             |     5 |     2 ||     7
